 Dungeon Crawl Stone Soup version 0.20.1-1-g8b1a95d (webtiles) character file.

123 McKennaii the Insei (level 5, 0/33 HPs)
             Began as an Octopode Transmuter on Aug 11, 2017.
             Slain by Gargoyl's ghost (8 damage)
             ... on level 3 of the Dungeon.
             The game lasted 00:03:58 (3131 turns).

McKennaii the Insei (Octopode Transmuter)           Turns: 3131, Time: 00:03:59

Health: 0/33       AC:  1    Str:  9    XL:     5   Next: 7%
Magic:  3/8        EV: 13    Int: 16    God:
Gold:   162        SH:  0    Dex: 13    Spells: 2/8 levels left

rFire    . . .     SeeInvis .     - Unarmed
rCold    . . .     Gourm    .   (no shield)
rNeg     . . .     Faith    .   (helmet restricted)
rPois    .         Spirit   .   (no amulet)
rElec    .         Reflect  .   (no ring)
rCorr    .         Harm     .   (no ring)
MR       .....                  (no ring)
Stlth    ++++......             (no ring)
Regen    0.2/turn               (no ring)
MPRegen  0.2/turn               (no ring)
                                (no ring)
                                (no ring)

@: no status effects
A: almost no armour, stealthy swim, amphibious, 8 rings, constrict 8, camouflage
1, gelatinous body 1
a: no special abilities


You were on level 3 of the Dungeon.
You were not hungry.

You visited 1 branch of the dungeon, and saw 3 of its levels.

You collected 162 gold pieces.

Inventory:

Missiles
 a - 35 arrows
Scrolls
 e - a scroll of magic mapping
 i - a scroll of immolation
 j - a scroll of teleportation {unknown}
 k - 3 scrolls of identify
Potions
 d - 2 potions of curing {unknown}
 f - 2 potions of flight {unknown}
 g - a potion of lignification {unknown}
 n - a potion of heal wounds {unknown}
 o - a potion of ambrosia {unknown}
 p - a potion of haste {unknown}
Books
 b - a book of Changes

   Spells                             Type                      Level
   a - Beastly Appendage              Transmutation                1
   b - Sticks to Snakes               Transmutation                2
   c - Spider Form                    Transmutation/Poison         3
   d - Ice Form                       Ice/Transmutation            4
   e - Blade Hands                    Transmutation                5
Comestibles
 c - 3 bread rations
 h - a chunk of flesh
 l - a royal jelly
 m - a meat ration


   Skills:
 + Level 1.2 Fighting
 + Level 2.2 Dodging
 * Level 2.3 Stealth
 * Level 4.4 Unarmed Combat
 + Level 2.3 Spellcasting
 * Level 2.6 Transmutations


You had 2 spell levels left.
You knew the following spells:

 Your Spells              Type           Power        Failure   Level  Hunger
a - Beastly Appendage     Tmut           ##....       7%          1    #......
b - Sticks to Snakes      Tmut           ##......     10%         2    ###....
c - Spider Form           Tmut/Pois      #.........   34%         3    ###....


Dungeon Overview and Level Annotations

Branches:
Dungeon (3/15)

Altars:

Annotations:
D:3 Gargoyl's ghost, weakling MiAK


Innate Abilities, Weirdness & Mutations

You cannot wear most types of armour.
You are very stealthy in the water. (Stealth+)
You are amphibious.
You can wear up to eight rings at the same time.
You can use your tentacles to constrict eight enemies at once.
Your skin changes colour to match your surroundings (Stealth+).
Your rubbery body absorbs attacks. (AC +1, EV +1)


Message History

Your ball python bites Gargoyl's ghost but does no damage. x2
Unknown command.
You barely miss Gargoyl's ghost. Your squeeze misses Gargoyl's ghost.
Gargoyl's ghost is moderately damaged.
Gargoyl's ghost hits you. Gargoyl's ghost freezes you.
Your ball python barely misses Gargoyl's ghost.
Your ball python bites Gargoyl's ghost.
Unknown command.
You tentacle-slap Gargoyl's ghost.
Gargoyl's ghost is heavily damaged.
Your ball python barely misses Gargoyl's ghost.
Gargoyl's ghost hits you! Gargoyl's ghost freezes you.
* * * LOW HITPOINT WARNING * * *
Your ball python closely misses Gargoyl's ghost.
Unknown command.
You barely miss Gargoyl's ghost.
Gargoyl's ghost is heavily damaged.
Your ball python bites Gargoyl's ghost but does no damage. x2
Gargoyl's ghost hits you!
You die...

##.###.# ≈≈≈≈≈≈≈≈...
##...##.# ≈ ≈≈≈≈≈≈≈.≈#
#........ ≈≈≈≈≈.≈≈≈.≈#
#........
≈≈≈≈♣_.≈≈≈..###.#......##
.≈≈≈≈.♣≈≈≈≈..........###
≈≈≈≈≈≈SS≈≈≈≈###.###.##
.≈≈≈≈≈≈W≈≈.?# #. #.#
≈≈≈≈≈≈≈≈@≈.≈###.# #.#
.....≈≈.≈.......# #.#
...≈.≈..†..≈##### #.#
######.##### #.##### #..#
#.).... ##.#### #..####
####
#.....#########..##..
...#
#.###.##.............
##.####
#.#..)...####.....#..


You could see Gargoyl's ghost and 2 friendly ball pythons.

Vanquished Creatures
  5 adders
  3 worms
  2 dart slugs (D:2)
  6 leopard geckos
  8 bats
  3 giant cockroaches
  6 goblins
  8 hobgoblins
  5 jackals
  5 frilled lizards
  8 kobolds
  A rat (D:2)
60 creatures vanquished.

Notes
Turn   | Place    | Note
-------+----------+-------------------------------------------
     0 | D:1      | McKennaii the Octopode Transmuter began the quest for the Orb.
     0 | D:1      | Reached XP level 1. HP: 13/13 MP: 3/3
    91 | D:1      | Reached XP level 2. HP: 13/18 MP: 5/5
  1319 | D:2      | Reached XP level 3. HP: 23/23 MP: 4/6
  1323 | D:2      | Learned a level 2 spell: Sticks to Snakes
  1327 | D:2      | Learned a level 3 spell: Spider Form
  1371 | D:2      | Reached skill level 1 in Stealth
  1735 | D:2      | Reached XP level 4. HP: 15/28 MP: 7/7
  2124 | D:2      | Reached skill level 4 in Unarmed Combat
  2970 | D:3      | Reached XP level 5. HP: 23/33 MP: 8/8
  3109 | D:3      | Found a faded altar of an unknown god.
  3117 | D:3      | Noticed Gargoyl's ghost (weakling MiAK)
  3131 | D:3      | Slain by Gargoyl's ghost

Skill      XL: |  1  2  3  4 |
---------------+-------------+-----
Stealth        | 1 2 |  2.3
Unarmed Combat | 4 |  4.4
Fighting       | |  1.2
Dodging        | |  2.2
Spellcasting   | |  2.3
Transmutations | |  2.6

Action                   |  1- 3 |  4- 6 || total
-------------------------+-------+-------++-------
Melee: Unarmed           |    89 |    84 ||   173
       Constrict         |    19 |    22 ||    41
       Tentacles         |    19 |     9 ||    28
       Punch             |     1 |     4 ||     5
 Cast: Beastly Appendage |     1 |       ||     1
       Sticks to Snakes  |       |     3 ||     3
  Use: Scroll            |     3 |     3 ||     6
 Stab: Sleeping          |     2 |     9 ||    11
       Distracted        |       |     1 ||     1
  Eat: Chunk             |     2 |     5 ||     7
Armor: Skin              |     8 |     4 ||    12
Dodge: Dodged            |    57 |    50 ||   107
